 Dungeon Crawl Stone Soup version 0.21.1-1-g345015f (webtiles) character file.

72 iamserjio the Sneak (level 4, -1/33 HPs)
             Began as an Octopode Monk on Apr 4, 2018.
             Slain by Terence
             ... wielding a +0 mace
              (5 damage)
             ... on level 3 of the Dungeon.
             The game lasted 00:22:04 (2152 turns).

iamserjio the Sneak (Octopode Monk)                 Turns: 2152, Time: 00:22:05

Health: -1/33      AC:  1    Str: 10    XL:     4   Next: 26%
Magic:  4/4        EV: 15    Int: 12    God:
Gold:   132        SH:  2    Dex: 15    Spells: 3/3 levels left

rFire    . . .     SeeInvis .   a - +0 spear
rCold    . . .     Gourm    .   (no shield)
rNeg     . . .     Faith    .   (helmet restricted)
rPois    .         Spirit   .   v - +2 amulet of reflection
rElec    .         Reflect  +   s - ring of protection from magic
rCorr    .         Harm     .   (no ring)
MR       +....                  (no ring)
Stlth    ++++......             (no ring)
HPRegen  0.11/turn              (no ring)
MPRegen  0.09/turn              (no ring)
                                (no ring)
                                (no ring)

@: no status effects
A: almost no armour, stealthy swim, amphibious, 8 rings, constrict 8, camouflage
1, gelatinous body 1
a: no special abilities


You were on level 3 of the Dungeon.
You were not hungry.

You visited 1 branch of the dungeon, and saw 3 of its levels.

You collected 132 gold pieces.

Inventory:

Hand Weapons
 a - a +0 spear (weapon)
 g - a +2 dagger of freezing
 h - a +0 dagger
Missiles
 c - 86 stones (quivered)
 o - 12 sling bullets
 p - 2 exploding tomahawks
 r - 8 tomahawks
Jewellery
 s - a ring of protection from magic (left tentacle)
 v - a +2 amulet of reflection (around mantle)
 w - an uncursed amulet of guardian spirit {unknown}
Scrolls
 e - a scroll of noise {unknown}
 j - a scroll of fog
 l - a scroll of immolation
 n - 3 scrolls of remove curse
 q - a scroll of fear
Potions
 d - a potion of agility {unknown}
 f - a potion of brilliance {unknown}
 i - a potion of berserk rage {unknown}
 k - 3 potions of flight
 m - a potion of lignification {unknown}
 u - a potion of invisibility {unknown}
Comestibles
 b - 2 rations
 t - 6 chunks of flesh


   Skills:
 * Level 3.7 Fighting
 - Level 3.0 Polearms
 * Level 3.6 Dodging
 * Level 4.4 Stealth


You had 3 spell levels left.
You didn't know any spells.

Dungeon Overview and Level Annotations

Branches:
Dungeon (3/15)

Altars:
Nemelex Xobeh
Vehumet

Annotations:
D:3 Terence


Innate Abilities, Weirdness & Mutations

You cannot wear most types of armour.
You are very stealthy in the water. (Stealth+)
You are amphibious.
You can wear up to eight rings at the same time.
You can use your tentacles to constrict eight enemies at once.
Your skin changes colour to match your surroundings (Stealth+).
Your rubbery body absorbs attacks. (AC +1, EV +1)


Message History

Terence is heavily wounded.
You constrict Terence, but do no damage.
The hobgoblin closely misses you. Terence hits you with a mace.
You completely miss Terence. You squeeze Terence.
Terence is severely wounded.
You constrict Terence, but do no damage.
The hobgoblin hits you with a club.
You hit Terence.
Terence is severely wounded.
You constrict Terence, but do no damage.
Terence closely misses you. The hobgoblin hits you with a club.
You hit Terence.
Terence is almost dead.
You constrict Terence. Terence hits you with a mace!
* * * LOW HITPOINT WARNING * * *
The hobgoblin hits you with a club.
* * * LOW HITPOINT WARNING * * *
You release your grip on Terence.
The hobgoblin closely misses you. Terence hits you with a mace.
You die...

.... ...# #..#
#..# #..# # ..#
.# #.# #.#
#@####.#
≈##.##g@.#.# ##
.......g....##
#..
..%..........##.#
..##.#####...#.#
#. #..#.## #
#.....# #.....#
#[....#


You could see Terence and 2 hobgoblins.

Vanquished Creatures
  2 adders (D:2)
  A worm (D:2)
  A dart slug (D:1)
  2 leopard geckos
  An orc (D:3)
  9 bats
  5 giant cockroaches
  3 goblins (D:1)
  5 hobgoblins
  5 kobolds
  2 ball pythons
  A frilled lizard (D:2)
  5 rats
42 creatures vanquished.

Notes
Turn   | Place    | Note
-------+----------+-------------------------------------------
     0 | D:1      | iamserjio the Octopode Monk began the quest for the Orb.
     0 | D:1      | Reached XP level 1. HP: 16/16 MP: 1/1
   329 | D:1      | Reached XP level 2. HP: 21/21 MP: 2/2
   431 | D:1      | Reached skill level 3 in Stealth
   816 | D:1      | Reached XP level 3. HP: 25/26 MP: 3/3
  1601 | D:2      | Found a sparkling altar of Nemelex Xobeh.
  1613 | D:2      | Found a radiant altar of Vehumet.
  1763 | D:2      | Reached skill level 4 in Stealth
  1763 | D:2      | Reached XP level 4. HP: 29/33 MP: 4/4
  2133 | D:3      | Noticed Terence
  2152 | D:3      | Slain by Terence

Skill      XL: |  1  2  3 |
---------------+----------+-----
Stealth        | 3 4 |  4.4
Fighting       | |  3.7
Polearms       | |  3.0
Dodging        | |  3.6

Action                   |  1- 3 |  4- 6 || total
-------------------------+-------+-------++-------
Melee: Spear             |    77 |    37 ||   114
       Constrict         |    19 |     6 ||    25
       Tentacles         |    12 |     5 ||    17
Throw: Stone             |     1 |     2 ||     3
  Use: Scroll            |     5 |       ||     5
 Stab: Sleeping          |    15 |     5 ||    20
  Eat: Chunk             |     3 |     1 ||     4
Armor: Skin              |     4 |       ||     4
Dodge: Dodged            |    24 |    23 ||    47
Block: Other             |       |     1 ||     1
